 Dungeon Crawl Stone Soup version 0.25-b1-39-g0d900da (webtiles) character file.

Game seed: 8762577697444001503

10381 fictitious the Destroyer (level 11, 0/84 HPs)
             Began as a Red Draconian Earth Elementalist on June 7, 2020.
             Was a Priest of Vehumet.
             Killed by divine providence
             ... invoked by an orc priest
              (13 damage)
             ... on level 1 of the Orcish Mines.
             The game lasted 01:12:54 (17141 turns).

fictitious the Destroyer (DrEE)                    Turns: 17141, Time: 01:12:54

Health: 0/84       AC:  7    Str: 11    XL:     11   Next: 35%
Magic:  20/23      EV: 14    Int: 18    God:    Vehumet [***...]
Gold:   585        SH:  0    Dex: 12    Spells: 13/27 levels left

rFire    + . .     SeeInvis .   g - +2 short sword (drain)
rCold    + + .     Gourm    .   (no shield)
rNeg     . . .     Faith    .   (armour unavailable)
rPois    .         Spirit   .   (helmet restricted)
rElec    .         Reflect  .   v - scarf {rC+ rF+}
rCorr    .         Harm     .   (no gloves)
MR       .....     Rnd*Tele +   (no boots)
Stlth    ++........             f - amulet of the acrobat
HPRegen  0.24/turn              e - ring of teleportation (curse)
MPRegen  0.18/turn              P - ring of ice

@: hasted, very quick
A: breathe fire, unfitting armour, fire resistance 1, cold-blooded, AC +7
a: Breathe Fire, Renounce Religion


You were on level 1 of the Orcish Mines.
You worshipped Vehumet.
Vehumet was most pleased with you.
You were hungry.

You visited 3 branches of the dungeon, and saw 13 of its levels.
You also visited: Bailey.

You collected 585 gold pieces.

Inventory:

Hand Weapons
 g - a +2 short sword of draining (weapon)
Missiles
 b - 138 stones
 i - 44 poisoned darts
 j - 38 boomerangs (quivered)
Armour
 v - a scarf of resistance (worn)
 W - a +0 cloak
Magical Staves
 t - an uncursed staff of fire {unknown}
Jewellery
 e - a cursed ring of teleportation (left hand)
 f - an amulet of the acrobat (around neck)
 D - an uncursed amulet of guardian spirit {unknown}
 P - a ring of ice (right hand)
Wands
 p - a wand of flame (13)
 B - a wand of iceblast (7)
 M - a wand of polymorph (15)
Scrolls
 r - 3 scrolls of identify
Potions
 a - a potion of haste {!q}
 d - 2 potions of degeneration {unknown}
 h - 2 potions of lignification
 k - a potion of might {unknown}
 l - 4 potions of flight
 o - 4 potions of mutation {!q}
 q - a potion of brilliance {unknown}
 z - 2 potions of curing
Comestibles
 c - 12 rations


   Skills:
 + Level 4.1 Fighting
 + Level 4.2 Dodging
 - Level 1.7 Stealth
 + Level 8.7 Spellcasting
 - Level 10.0 Conjurations
 - Level 3.0 Summonings
   Level 1.0 Transmutations
 * Level 3.0 Fire Magic
 - Level 10.0 Earth Magic


You had 13 spell levels left.
You knew the following spells:

 Your Spells              Type           Power        Failure   Level  Hunger
a - Sandblast             Erth           #####.       1%          1    None
b - Stone Arrow           Conj/Erth      #####.       1%          3    None
c - Summon Small Mammal   Summ           ###.         2%          1    None
d - Lee's Rapid Deconstr  Erth           #####.....   1%          5    #####..
e - Sticky Flame          Conj/Fire      ####....     1%          4    ###....

Your spell library contained the following spells:

 Spells                   Type           Power        Failure   Level  Hunger
 Passwall                 Tmut/Erth      ####....     1%          2    None
 Animate Skeleton         Necr           N/A          9%          1    None
 Apportation              Tloc           #.....       9%          1    None
 Corona                   Hex            #......      9%          1    None
 Petrify                  Tmut/Erth      ####....     10%         4    ###....


Dungeon Overview and Level Annotations

Branches:
Dungeon (10/15)            Temple (1/1) D:5            Lair (0/6) D:9
    Orc (2/2) D:9             Elf (0/3) Orc:2        Bailey (visited)

Altars:
Ashenzari
Dithmenos
Elyvilon
Fedhas
Gozag
Hepliaklqana
Kikubaaqudgha
Makhleb
Nemelex Xobeh
Okawaru
Qazlal
Vehumet
Xom
Yredelemnul
Zin
The Shining One

Shops:
D:8 =

Annotations:
D:5 1 runed translucent door, JondarTheXenith's ghost, novice HOAK


Innate Abilities, Weirdness & Mutations

You can breathe blasts of fire.
Your fiery red scales are hard. (AC +7)
You cannot fit into any form of body armour.
Your flesh is heat resistant. (rF+)
You are cold-blooded and may be slowed by cold attacks.


Message History

You climb upwards.
The orc priest shouts! 2 orcs and 2 orc wizards come into view.
An orc wizard is wielding a +2 dagger of electrocution and wearing a +0 robe of magic resistance.
The orc shouts!
The orc wizard shouts! x2
The orc shouts!
You hear a shout! x4
The orc priest mumbles some strange prayers to Beogh against you.
You struggle to resist.
An orc comes into view.
There is a stone staircase leading down here.
Really quaff
a - 2 potions of haste {!q}?
You feel yourself speed up. The orc wizard closely misses you.
Casting: Sticky Flame (dangerous; 1% risk of failure)
Confirm with . or Enter, or press ? or * to list all spells.
The orc priest mumbles some strange prayers to Beogh against you.
Beogh smites you!
You die...

#...#.##... .
.o ......
..#.......##
...o. .....#
...........#
......#....
......oo.#.##
#..o@....#
#....b......#
......#....##
.....#...o..#
.#.## .....##
.. ##.#... .
##...## #...


You could see an orc priest, 2 orc wizards, 3 orcs and a friendly bat
(summoned).

Vanquished Creatures
  Harold (D:6)
  Erica (D:10)
  A two-headed ogre (D:9)
  2 orc knights (Bailey)
  3 trolls
  Grinder (D:5)
  2 hippogriffs
  Sigmund (D:5)
  Grum (D:10)
  3 wargs
  Menkaure (D:5)
  A steam dragon (D:6)
  Duvessa (D:6)
  2 water moccasins (D:8)
  A sky beast (D:5)
  11 orc warriors
  2 phantoms
  4 ice beasts
  7 centaurs
  4 ogres
  6 wolves (D:9)
  2 bullfrogs
  6 scorpions
  3 killer bees (D:8)
  An electric eel (D:9)
  4 crimson imps
  4 orc priests
  A centaur skeleton (D:4)
  2 jellies
  9 hounds
  2 iguanas
  9 orc wizards
  6 worker ants
  A hound zombie (D:8)
  A worker ant zombie (D:10)
  A howler monkey zombie (D:8)
  5 gnolls
  13 adders
  2 shadow imps
  4 oozes
  3 worms
  2 dart slugs
  3 leopard geckos
  30 orcs
  2 ball pythons
  7 giant cockroaches
  6 goblins
  5 hobgoblins
  19 jackals
  21 kobolds
  4 quokkas
  8 bats
  5 frilled lizards
  A quokka skeleton (D:5)
  8 rats
256 creatures vanquished.

Vanquished Creatures (collateral kills)
  Edmund (D:5)
1 creature vanquished.

Vanquished Creatures (others)
  An ogre (D:5)
  A howler monkey (D:5)
  A worker ant (D:5)
  An orc wizard (Orc:1)
  A frilled lizard (D:5)
5 creatures vanquished.

Grand Total: 262 creatures vanquished

Notes
Turn   | Place    | Note
-------+----------+-------------------------------------------
     0 | D:1      | fictitious the Draconian Earth Elementalist began the quest
                  | for the Orb.
     0 | D:1      | Reached XP level 1. HP: 14/14 MP: 3/3
   480 | D:1      | Reached XP level 2. HP: 20/20 MP: 1/5
  1594 | D:1      | Reached XP level 3. HP: 19/26 MP: 6/6
  1696 | D:1      | Learned a level 3 spell: Stone Arrow
  2075 | D:2      | Reached XP level 4. HP: 30/33 MP: 0/7
  2181 | D:2      | Reached skill level 5 in Earth Magic
  3161 | D:3      | Reached XP level 5. HP: 34/39 MP: 8/8
  3339 | D:3      | Learned a level 1 spell: Summon Small Mammal
  3469 | D:3      | Found a stormy altar of Qazlal.
  4491 | D:4      | Reached skill level 1 in Summonings
  4575 | D:4      | Found a sparkling altar of Nemelex Xobeh.
  4588 | D:4      | Reached skill level 1 in Fighting
  4588 | D:4      | Reached XP level 6. HP: 47/47 MP: 7/10
  5924 | D:5      | Entered Level 5 of the Dungeon
  5926 | D:5      | Found a staircase to the Ecumenical Temple.
  5932 | Temple   | Entered the Ecumenical Temple
  5996 | Temple   | Became a worshipper of Vehumet
  6019 | D:5      | Your scales start taking on a fiery red colour.
  6019 | D:5      | Reached XP level 7. HP: 29/55 MP: 7/13
  6019 | D:5      | Gained mutation: Your flesh is heat resistant. (rF+) [Red
                  | Draconian growth]
  6258 | D:5      | Noticed Edmund
  6489 | D:5      | Found a shimmering altar of Xom.
  6643 | D:5      | Noticed Sigmund
  6660 | D:5      | Killed Sigmund
  6798 | D:5      | Reached XP level 8. HP: 66/66 MP: 11/14
  6818 | D:5      | Reached skill level 1 in Conjurations
  6925 | D:5      | Reached * piety under Vehumet
  6925 | D:5      | Offered knowledge of Magic Dart by Vehumet.
  7059 | D:5      | Found a runed translucent door.
  7059 | D:5      | Noticed JondarTheXenith's ghost (novice HOAK)
  7109 | D:5      | Killed Edmund
  7109 | D:5      | Reached skill level 5 in Spellcasting
  7301 | D:5      | Noticed Menkaure
  7304 | D:5      | Killed Menkaure
  7638 | D:5      | Noticed Grinder
  7647 | D:5      | Killed Grinder
  8067 | D:6      | Found a hazy altar of Hepliaklqana.
  8073 | D:6      | Reached XP level 9. HP: 62/71 MP: 8/18
  8296 | D:6      | Reached skill level 5 in Conjurations
  8495 | D:6      | Found a basalt altar of Yredelemnul.
  8886 | D:6      | Found a white marble altar of Elyvilon.
  8972 | D:6      | Found an iron altar of Okawaru.
  9117 | D:6      | Found a shadowy altar of Dithmenos.
  9188 | D:7      | Noticed Harold
  9223 | D:6      | Killed Harold
  9502 | D:7      | Noticed Dowan
  9504 | D:7      | Noticed Duvessa
  9729 | D:6      | Killed Duvessa
  9739 | D:6      | Noticed Dowan
  9739 | D:6      | Dowan changed into Dowan the steam dragon
  9927 | D:6      | Killed Dowan the steam dragon
 10057 | D:7      | Found a burning altar of Makhleb.
 10287 | D:7      | Found a glowing golden altar of the Shining One.
 10372 | D:7      | Noticed a gargoyle
 10635 | D:8      | Reached XP level 10. HP: 68/78 MP: 12/22
 10647 | D:8      | Offered knowledge of Searing Ray by Vehumet.
 10808 | D:8      | Learned a level 5 spell: Lee's Rapid Deconstruction
 10841 | D:8      | Reached ** piety under Vehumet
 11440 | D:8      | Found Voohupn's Jewellery Shop.
 12627 | D:9      | Found a staircase to the Lair.
 12798 | D:9      | Offered knowledge of Ignite Poison by Vehumet.
 12945 | D:9      | Found an ancient bone altar of Kikubaaqudgha.
 13026 | D:9      | Reached skill level 10 in Conjurations
 13183 | D:9      | Noticed a two-headed ogre
 13203 | D:9      | Killed a two-headed ogre
 13542 | D:9      | Found a staircase to the Orcish Mines.
 13576 | D:10     | Entered Level 10 of the Dungeon
 13592 | D:10     | Noticed Grum
 13821 | D:10     | Killed Grum
 14076 | D:10     | Found a flagged portal.
 14098 | Bailey   | Entered a bailey
 14104 | Bailey   | Noticed an orc knight
 14120 | Bailey   | Reached *** piety under Vehumet
 14223 | Bailey   | Noticed an orc knight
 14264 | Bailey   | Killed an orc knight
 14264 | Bailey   | Reached XP level 11. HP: 41/84 MP: 6/23
 14286 | Bailey   | Offered knowledge of Sticky Flame by Vehumet.
 14298 | Bailey   | Learned a level 4 spell: Sticky Flame
 14660 | Bailey   | Killed an orc knight
 15059 | D:10     | Reached skill level 1 in Fire Magic
 15144 | D:10     | Reached skill level 10 in Earth Magic
 15446 | D:10     | Noticed Erica
 15465 | D:10     | Killed Erica
 16014 | Orc:1    | Entered Level 1 of the Orcish Mines
 16876 | Orc:2    | Entered Level 2 of the Orcish Mines
 17109 | Orc:2    | Found a staircase to the Elven Halls.
 17141 | Orc:1    | Killed from afar by an orc priest

Illustrated notes

Levels and vault maps discovered:
D:1:      wander_arrival_fairy_ring, layout_loops_ring, roderic_roman_lattice,
          st_stairs_3, minivault_23, minmay_misc_feat_ornament,
          lemuel_flame_loot_1
D:2:      layout_loops_ring
D:3:      layout_basic, nicolae_qazlal_eye_of_the_storm, chequers_mini_garden,
          minmay_pentomino_pile
D:4:      layout_layer_cave, lemuel_crystal_altar
D:5:      layout_basic, xom_confusion_cloud, temple_green,
          hellmonk_ghost_happy_afterlife, first_ration, lemuel_flamethrower_1,
          uniq_sigmund, uniq_edmund, uniq_menkaure, uniq_grinder
D:6:      layout_layer_cave, kennysheep_ying_yang,
          riverfiend_overflow_shadow_ancestor, lemuel_crystal_altar
D:7:      layout_rooms, bloody_makhleb, tso_oasis_becter, minitemple,
          uniq_harold, uniq_duvessa
D:8:      layout_loops_ring, serial_shops, shop
D:9:      layout_roguey, lemuel_doored_altar, erik_lair_island,
          hiddenorc1_lemuel
D:10:     layout_stronghold, enter_bailey_6, uniq_erica, uniq_grum
Temple:   nicolae_temple_figure_zero
Orc:1:    layout_caves
Orc:2:    st_orc_open, layout_diamond_mine, uniq_maurice

Skill      XL: |  1  2  3  4  5  6  7  8  9 10 11 |
---------------+----------------------------------+-----
Earth Magic    | 4 5 6 9 10 | 10.0
Summonings     | 1 2 3 |  3.0
Fighting       | 1 2 4 |  4.1
Dodging        | 2 4 |  4.2
Spellcasting   | 4 6 8 |  8.7
Conjurations   | 4 8 10 | 10.0
Fire Magic     | 3 |  3.0
Stealth        | |  1.7
Transmutations | |  1.0

Action                   |  1- 3 |  4- 6 |  7- 9 | 10-12 || total
-------------------------+-------+-------+-------+-------++-------
Melee: Unarmed           |     2 |       |       |       ||     2
       Short sword       |    50 |   122 |   179 |    94 ||   445
       Dagger            |    24 |       |       |       ||    24
       Tailslap          |     5 |    12 |    14 |    15 ||    46
Throw: Stone             |       |     2 |       |       ||     2
       Boomerang         |       |       |       |     1 ||     1
 Cast: Sandblast         |    33 |    57 |    78 |    35 ||   203
       Stone Arrow       |     3 |     4 |    64 |   131 ||   202
       Summon Small Mamm |       |     3 |    14 |     8 ||    25
       Lee's Rapid Decon |       |       |       |    11 ||    11
       Sticky Flame      |       |       |       |    14 ||    14
Evoke: Wand              |       |       |     4 |     2 ||     6
  Use: Scroll            |       |     5 |     1 |    19 ||    25
       Potion            |       |     1 |     4 |    10 ||    15
 Stab: Sleeping          |     2 |     5 |       |     1 ||     8
  Eat: Chunk             |     2 |     7 |     9 |    14 ||    32
       Ration            |     1 |     2 |     2 |     3 ||     8
Armor: Skin              |    33 |    36 |    81 |    69 ||   219
Dodge: Dodged            |    65 |    89 |   159 |   257 ||   570
